 Dungeon Crawl Stone Soup version 0.21-a0-525-ga34b322 (webtiles) character file.

330 kibaces the Shield-Bearer (level 6, -5/53 HPs)
             Began as a Draconian Fighter on Dec 7, 2017.
             Was an Initiate of Makhleb.
             Slain by a crocodile (9 damage)
             ... on level 4 of the Dungeon.
             The game lasted 00:11:42 (2983 turns).

kibaces the Shield-Bearer (Draconian Fighter)       Turns: 2983, Time: 00:11:46

Health: -5/53      AC:  6    Str: 23    XL:     6   Next: 26%
Magic:  15/15      EV: 11    Int:  8    God:    Makhleb [......]
Gold:   325        SH: 10    Dex: 10    Spells: 5/5 levels left

rFire    . . .     SeeInvis .   a - +0 long sword
rCold    . . .     Gourm    .   b - +0 shield
rNeg     . . .     Faith    .   (armour unavailable)
rPois    .         Spirit   .   (helmet restricted)
rElec    .         Reflect  .   (no cloak)
rCorr    .         Harm     .   (no gloves)
MR       .....                  (no boots)
Stlth    +.........             (no amulet)
HPRegen  0.17/turn              x - +2 ring of strength
MPRegen  0.14/turn              y - ring of magical power

@: very slightly contaminated, invisible
A: unfitting armour, cold-blooded, AC +6
a: Renounce Religion


You were on level 4 of the Dungeon.
You worshipped Makhleb.
Makhleb was noncommittal.
You were not hungry.

You visited 1 branch of the dungeon, and saw 5 of its levels.

You collected 325 gold pieces.

Inventory:

Hand Weapons
 a - a +0 long sword (weapon)
 n - a +0 dagger of speed
Armour
 b - a +0 shield (worn)
Jewellery
 x - a +2 ring of strength (left hand)
 y - a ring of magical power (right hand)
Wands
 r - a wand of iceblast (4)
 u - a wand of enslavement (11)
Scrolls
 f - a scroll of magic mapping {unknown}
 h - 5 scrolls of identify {unknown}
 j - 3 scrolls of enchant weapon {unknown}
 k - a scroll of amnesia {unknown}
 l - a scroll of blinking {unknown}
 m - 2 scrolls of random uselessness {unknown}
 q - 4 scrolls of teleportation {unknown}
 v - a scroll of enchant armour {unknown}
 w - 2 scrolls of remove curse {unknown}
Potions
 c - a potion of might
 e - 2 potions of curing {unknown}
 i - 3 potions of invisibility
 o - 2 potions of resistance {unknown}
 s - 2 potions of flight {unknown}
 t - a potion of magic {unknown}
 A - a potion of heal wounds {unknown}
 B - 2 potions of degeneration {unknown}
Comestibles
 d - 3 bread rations
 g - a royal jelly
 p - 3 fruits
 z - a meat ration
 C - a chunk of flesh


   Skills:
 + Level 4.3 Fighting
 + Level 0.2(2.4) Short Blades
 + Level 4.0 Long Blades
 + Level 3.7 Dodging
 - Level 0.6 Stealth
 + Level 4.4 Shields


You had 5 spell levels left.
You didn't know any spells.

Dungeon Overview and Level Annotations

Branches:
Dungeon (5/15)
 Temple: D:4-7

Altars:
Makhleb
Ru
Xom
Zin

Annotations:
D:4 Blork the orc


Innate Abilities, Weirdness & Mutations

Your plain brown scales are hard. (AC +6)
You cannot fit into any form of body armour.
You are cold-blooded and may be slowed by cold attacks.


Message History

You block the centaur's attack. The bullfrog zombie closely misses you.
The adder skeleton bites you but does no damage.
The centaur hits you.
* * * LOW HITPOINT WARNING * * *
You block the bullfrog zombie's attack.
You are very lightly contaminated with residual magic.
The adder skeleton misses you.
You see here an arrow.
An orc comes into view.
It is wielding a hand axe of electrocution.
The hound barks!
The centaur wields an uncursed shortbow.
The centaur shoots an arrow.
The arrow hits the bullfrog zombie.
There is a stone staircase leading up here.
You block the adder skeleton's attack. The hound misses you.
You riposte.
You slash the hound!
The hound is heavily wounded.
You climb upwards.
Level annotation: Blork the orc You block the crocodile's attack.
The crocodile bites you!
You die...

####### #.....# #.###.######
#.#........# #####
#.#t#.####.######## ....##
#...@.##...†...$..#
#....#####
###.####.#......#.#
.........######.# #.######.#
###.............## #.# #
......##(........# #.#
####..###.....[..###.######.#
###..###....................
.................##.####.#..
# ###..##.##.......##.# .# .#


You could see a crocodile.

Vanquished Creatures
  2 water moccasin zombies
  A hound (D:5)
  A bullfrog skeleton (D:4)
  An iguana (D:4)
  An orc wizard (D:4)
  3 adders
  3 dart slugs
  7 leopard geckos
  4 orcs
  2 giant cockroaches
  11 goblins
  8 hobgoblins
  A quokka (D:3)
  2 ball pythons
  7 bats
  4 frilled lizards (D:1)
  7 kobolds
  10 rats
75 creatures vanquished.

Notes
Turn   | Place    | Note
-------+----------+-------------------------------------------
     0 | D:1      | kibaces the Draconian Fighter began the quest for the Orb.
     0 | D:1      | Reached XP level 1. HP: 19/19 MP: 1/1
    84 | D:1      | Reached XP level 2. HP: 25/26 MP: 2/2
   848 | D:2      | Reached XP level 3. HP: 33/33 MP: 3/3
  1390 | D:3      | Reached XP level 4. HP: 40/40 MP: 4/4
  1873 | D:3      | Found a burning altar of Makhleb.
  1873 | D:3      | Found a glowing silver altar of Zin.
  1874 | D:3      | Noticed an angel
  1874 | D:3      | Noticed a blizzard demon
  1893 | D:3      | Became a worshipper of Makhleb the Destroyer
  2035 | D:4      | Noticed Blork the orc
  2370 | D:4      | Reached XP level 5. HP: 46/46 MP: 5/5
  2374 | D:4      | Found a sacrificial altar of Ru.
  2539 | D:4      | Found a shimmering altar of Xom.
  2743 | D:4      | Noticed a crocodile
  2763 | D:5      | Entered Level 5 of the Dungeon
  2774 | D:5      | Reached XP level 6. HP: 24/52 MP: 6/6
  2973 | D:5      | HP: 2/53 [centaur (1)]
  2983 | D:4      | Slain by a crocodile

Vault maps used:
D:1:      onia_arrival_pyramid
D:3:      grunt_temple_overflow_order_and_chaos_2
D:4:      lemuel_doored_altar, hangedman_ru_absence, uniq_blork_the_orc
D:5:      lemuel_castle_with_subvaults, grunt_gozag_breadcrumbs, first_bread,
          uniq_ijyb, uniq_eustachio

Skill      XL: |  1  2  3  4  5  6 |
---------------+-------------------+-----
Dodging        | 3 |  3.7
Fighting       | 4 |  4.3
Long Blades    | 3 4 |  4.0
Shields        | 4 |  4.4
Short Blades   | |  0.2
Stealth        | |  0.6

Action                   |  1- 3 |  4- 6 || total
-------------------------+-------+-------++-------
Melee: Long sword        |    78 |   138 ||   216
       Tailslap          |     9 |    19 ||    28
       Dagger            |    40 |       ||    40
Evoke: Wand              |       |     2 ||     2
  Use: Potion            |       |     1 ||     1
 Stab: Sleeping          |     3 |     1 ||     4
  Eat: Chunk             |     1 |     6 ||     7
Armor: Skin              |    25 |    47 ||    72
Dodge: Dodged            |    31 |    86 ||   117
Block: Shield            |    58 |   101 ||   159
       Rpst.: Long sword |    12 |    25 ||    37

Table legend:
 A = Spawn XP
 B = Non-spawn XP
 C = Spawn XP percentage of total XP
 D = Spawn monster count
 E = Non-spawn monster count
 F = Spawn count percentage of total count
 G = Total turns spent on level
                    A         B        C        D         E        F      G
               +---------+---------+-------+---------+---------+-------+---------
         Total |       0 |     472 |   0.0 |       0 |      75 |   0.0 |  2983
               +---------+---------+-------+---------+---------+-------+---------
           D:1 |       0 |      39 |   0.0 |       0 |      24 |   0.0 |   841
           D:2 |       0 |      51 |   0.0 |       0 |      15 |   0.0 |   483
           D:3 |       0 |      46 |   0.0 |       0 |      23 |   0.0 |   694
           D:4 |       0 |     218 |   0.0 |       0 |      11 |   0.0 |   745
           D:5 |       0 |     118 |   0.0 |       0 |       2 |   0.0 |   220
               +---------+---------+-------+---------+---------+-------+---------
